 Dungeon Crawl Stone Soup version 0.27-a0-951-gae3e1deef5 (webtiles) character file.

Game seed: 10044544678137645768

14 Alarkh the Insei (level 2, -5/23 HPs)
             Began as a Demonspawn Gladiator on Apr 11, 2021.
             Slain by a kobold
             ... wielding a +0 trident
              (7 damage)
             ... on level 1 of the Dungeon.
             The game lasted 00:00:36 (334 turns).

Alarkh the Insei (Demonspawn Gladiator)              Turns: 334, Time: 00:00:37

Health: -5/23      AC:  6    Str: 14    XL:     2   Next: 27%
Magic:  2/2        EV: 12    Int:  9    God:
Gold:   0          SH:  0    Dex: 14    Spells: 1/1 levels left

rFire    . . .     SeeInvis .     - Unarmed
rCold    . . .     Faith    .   (no shield)
rNeg     . . .     Spirit   .   a - +0 leather armour
rPois    .         Reflect  .   f - +2 hat
rElec    .         Harm     .   (no cloak)
rCorr    .         Rampage  .   (no gloves)
Will     .....                  (no boots)
Stlth    +.........             (no amulet)
HPRegen  0.07/turn              (no ring)
MPRegen  0.08/turn              (no ring)

@: no status effects
A: sharp scales 1
a: no special abilities


You were on level 1 of the Dungeon.
You visited 1 branch of the dungeon, and saw 1 of its levels.

Inventory:

Missiles
 c - 3 throwing nets (quivered)
 d - 18 poisoned darts
Armour
 a - a +0 leather armour (worn)
 b - a +0 helmet
 f - a +2 hat (worn)
Scrolls
 e - a scroll of teleportation {unknown}


   Skills:
 + Level 2.3 Fighting
 - Level 1.7 Throwing
 - Level 2.6 Dodging
 * Level 3.2 Unarmed Combat


You had one spell level left.
You didn't know any spells.
Your spell library was empty.

Dungeon Overview and Level Annotations

Branches:
Dungeon (1/15)

Altars:


Innate Abilities, Weirdness & Mutations

You are partially covered in razor-sharp scales. (AC +1, Slay +1)


Message History

You are frozen.
* * * LOW HITPOINT WARNING * * *
The kobold hits you from afar with a +0 trident.
* * * LOW HITPOINT WARNING * * *
You hit the endoplasm.
You kill the endoplasm!
The kobold closely misses you.
Found 4 bolts.
Found a scroll labelled HOIROA EMPY.
You see here 4 bolts.
Throw: 22 darts (poison)
Press: ? - help, Shift-Dir - straight line, f - hobgoblin
Aim: a hobgoblin (60% to hit)
You throw a poisoned dart. The poisoned dart hits the hobgoblin.
The hobgoblin is poisoned.
The hobgoblin hits you but does no damage.
Unknown command.
The hobgoblin looks more healthy.
You hit the hobgoblin.
You kill the hobgoblin!
Throw: 21 darts (poison)
Press: ? - help, Shift-Dir - straight line, f - kobold
Aim: a kobold, wielding a +0 trident (53% to hit)
You throw a poisoned dart.
The poisoned dart closely misses the kobold.
The kobold closely misses you.
Throw: 20 darts (poison)
Press: ? - help, Shift-Dir - straight line, f/p - kobold
Aim: a kobold, wielding a +0 trident (53% to hit)
You throw a poisoned dart.
The poisoned dart closely misses the kobold.
The kobold hits you from afar with a +0 trident.
* * * LOW HITPOINT WARNING * * *
Throw: 19 darts (poison)
Press: ? - help, Shift-Dir - straight line, f/p - kobold
Aim: a kobold, wielding a +0 trident (53% to hit)
You throw a poisoned dart.
The poisoned dart barely misses the kobold.
The kobold hits you from afar with a +0 trident!
You die...

#..>............#.........#
#.##..###.........##.......
#.#.(#######.[.............
#.#.#.....##.........#..###
#.#......†..........###....
######.#....(...................
#................)........######
######.#.............######.....
#.#.......@.#####........P.
#.#.......###..........≈≈≈P
##.......K##......≈≈≈≈≈≈≈≈≈.
##.........#....≈≈≈≈≈≈≈≈≈≈≈≈P
#..........#.≈≈≈.≈≈#≈≈≈≈≈≈###
#.........$#≈≈≈#.≈≈#≈≈≈≈###
#..........#≈≈≈#≈.≈#≈≈≈##
#....(.....#≈≈≈#.≈≈#≈≈≈#
#..........#≈≈≈#≈.≈#≈≈≈#


You could see a kobold.

Vanquished Creatures
  A ball python (D:1)
  An endoplasm (D:1)
  A giant cockroach (D:1)
  2 goblins (D:1)
  4 hobgoblins (D:1)
  A bat (D:1)
  A frilled lizard (D:1)
11 creatures vanquished.

Notes
Turn   | Place    | Note
-------+----------+-------------------------------------------
     0 | D:1      | Alarkh the Demonspawn Gladiator began the quest for the
                  | Orb.
     0 | D:1      | Reached XP level 1. HP: 16/16 MP: 1/1
   225 | D:1      | Reached skill level 3 in Unarmed Combat
   241 | D:1      | Gained mutation: You are partially covered in razor-sharp
                  | scales. (AC +1, Slay +1) [demonic ancestry]
   241 | D:1      | Reached XP level 2. HP: 15/22 MP: 2/2
   334 | D:1      | Slain by a kobold

Illustrated notes

Levels and vault maps discovered:
D:1:      dpeg_arrival_water_fire, layout_rooms, minmay_misc_feat_nine_boxes,
          roderic_roman_lattice

Skill      XL: |  1 |
---------------+----+-----
Unarmed Combat | 3 |  3.2
Fighting       | |  2.3
Throwing       | |  1.7
Dodging        | |  2.6

Action                   || total
-------------------------++-------
Melee: Unarmed           ||    45
Throw: Dart              ||     4
Armor: Leather armour    ||    16
Dodge: Dodged            ||    27

Table legend: (Time is in decaauts)
 A = Elapsed time spent in this place.
 B = Non-inter-level travel time spent in this place.
 C = Inter-level travel time spent in this place.
 D = Time resting spent in this place.
 E = Time spent auto-exploring this place.
 F = Levels seen in this place.
 G = Mean time per level.
                   A        B        C        D        E       F      G
               +--------+--------+--------+--------+--------+-----+--------+
         Total |    331 |    331 |      0 |      0 |    200 |   1 |  331.0 |
       Dungeon |    331 |    331 |      0 |      0 |    200 |   1 |  331.0 |
               +--------+--------+--------+--------+--------+-----+--------+

Top non-repeatable levels by time:
     D:1: 331 daAuts
